 Dungeon Crawl Stone Soup version 0.21.1-1-g345015f (webtiles) character file.

59 Iko the Insei (level 4, -2/22 HPs)
             Began as a Vine Stalker Transmuter on May 1, 2018.
             Was an Initiate of Yredelemnul.
             Splashed by a jelly's acid (6 damage)
             ... on level 6 of the Dungeon.
             The game lasted 00:09:29 (940 turns).

Iko the Insei (Vine Stalker Transmuter)              Turns: 940, Time: 00:09:29

Health: -2/22      AC:  2    Str: 13    XL:     4   Next: 3%
Magic:  0/9        EV:  3    Int: 13    God:    Yredelemnul [......]
Gold:   35         SH:  0    Dex: 15    Spells: 7/8 levels left

rFire    . . .     SeeInvis .   e - +0 dagger
rCold    . . .     Gourm    .   (no shield)
rNeg     . . .     Faith    .   i - +0 plate armour
rPois    .         Spirit   +   (no helmet)
rElec    .         Reflect  .   (no cloak)
rCorr    .         Harm     .   (no gloves)
MR       .....                  (no boots)
Stlth    ..........             (no amulet)
HPRegen  0.47/turn              (no ring)
MPRegen  0.11/turn              (no ring)

@: corroded
A: fangs 2, regeneration 1, magic shield, antimagic bite, no potion heal 3, rot
immunity
a: Renounce Religion


You were on level 6 of the Dungeon.
You worshipped Yredelemnul.
Yredelemnul was noncommittal.
You were not hungry.

You visited 1 branch of the dungeon, and saw 6 of its levels.

You collected 35 gold pieces.

Inventory:

Hand Weapons
 e - a +0 dagger (weapon)
Armour
 i - a +0 plate armour (worn)
Scrolls
 h - a scroll of identify
Potions
 g - a potion of degeneration
Books
 c - a book of Changes

   Spells                             Type                      Level
   a - Beastly Appendage              Transmutation                1
   b - Sticks to Snakes               Transmutation                2
   c - Spider Form                    Transmutation/Poison         3
   d - Ice Form                       Ice/Transmutation            4
   e - Blade Hands                    Transmutation                5
Comestibles
 d - a ration


   Skills:
 + Level 1.0(0.5) Fighting
 + Level 1.0(0.5) Short Blades
 + Level 0.1(0.0) Armour
 + Level 1.9(0.9) Dodging
 + Level 3.5(1.7) Unarmed Combat
 + Level 2.7(1.3) Spellcasting
 + Level 2.4(1.2) Transmutations


You had 7 spell levels left.
You knew the following spells:

 Your Spells              Type           Power        Failure   Level  Hunger
a - Beastly Appendage     Tmut           #.....       100%        1    ##.....


Dungeon Overview and Level Annotations

Branches:
Dungeon (6/15)
 Temple: D:4-7

Altars:
Ashenzari
Nemelex Xobeh
Yredelemnul

Annotations:
D:4 fly's ghost, amateur BaFi


Innate Abilities, Weirdness & Mutations

You have extremely sharp teeth.
Your natural rate of healing is unusually fast.
When hurt, damage is shared between your health and your magic reserves.
Your bite disrupts and absorbs the magic of your enemies.
Potions cannot restore your health.
You are immune to rotting.


Message History

The jelly hits you. The acid corrodes you!
You are splashed with acid!
The acid burns!
You hit the jelly but do no damage.
Your hands burn!
You bite the jelly, but do no damage.
The jelly is heavily wounded.
You barely miss the jelly. You punch the jelly, but do no damage.
You bite the jelly. You drain its power.
You feel invigorated.
The jelly is severely wounded.
The jelly hits you but does no damage.
You hit the jelly but do no damage.
Your hands burn!
You bite the jelly, but do no damage.
The jelly is severely wounded.
The jelly hits you.
You are splashed with acid!
The acid burns!
* * * LOW HITPOINT WARNING * * *
As you read the scroll labeled ARCHUG INUKLIMO, it crumbles to dust.
It is a scroll of identify.
g - a potion of degeneration The jelly hits you.
You are splashed with acid!
The acid burns!
You die...
Your body rises from the dead as a mindless zombie.

#. #. #.. #####
. #...##(..## ..
#...#..8@.#...
#.......J......#
#.###...........
##..........
#...........
#.........$.
............#
..............#
#J.............


You could see a jelly.

Vanquished Creatures
  A bullfrog skeleton (D:4)
  A howler monkey skeleton (D:4)
  2 giant cockroaches
  4 goblins
  4 hobgoblins
  4 jackals (D:1)
  A kobold (D:3)
  3 rats
20 creatures vanquished.

Notes
Turn   | Place    | Note
-------+----------+-------------------------------------------
     0 | D:1      | Iko the Vine Stalker Transmuter began the quest for the Orb.
     0 | D:1      | Reached XP level 1. HP: 9/9 MP: 4/4
    97 | D:1      | Reached XP level 2. HP: 2/14 MP: 4/6
   689 | D:3      | You fall through a shaft!
   772 | D:4      | Found a shattered altar of Ashenzari.
   782 | D:4      | Became a worshipper of Ashenzari the Shackled
   804 | D:4      | Reached XP level 3. HP: 12/17 MP: 7/7
   835 | D:4      | Reached skill level 1 in Fighting
   835 | D:4      | Reached skill level 1 in Short Blades
   835 | D:4      | Gained mutation: Your natural rate of healing is unusually fast. [Vine Stalker growth]
   835 | D:4      | Reached XP level 4. HP: 9/22 MP: 7/9
   854 | D:4      | Noticed fly's ghost (amateur BaFi)
   862 | D:4      | Found a sparkling altar of Nemelex Xobeh.
   862 | D:4      | Found a basalt altar of Yredelemnul.
   880 | D:4      | Fell from the grace of Ashenzari
   880 | D:4      | Became a worshipper of Yredelemnul the Dark
   911 | D:5      | Entered Level 5 of the Dungeon
   940 | D:6      | Splashed by a jelly's acid

Skill      XL: |  1  2  3 |
---------------+----------+-----
Fighting       | 1 |  1.0
Short Blades   | 1 |  1.0
Armour         | |  0.1
Dodging        | |  1.9
Unarmed Combat | |  3.5
Spellcasting   | |  2.7
Transmutations | |  2.4

Action                   |  1- 3 |  4- 6 || total
-------------------------+-------+-------++-------
Melee: Dagger            |    84 |     6 ||    90
       Bite              |    22 |     4 ||    26
       Headbutt          |     2 |       ||     2
       Punch             |     1 |     1 ||     2
 Cast: Beastly Appendage |     5 |       ||     5
 Abil: End Transformatio |     1 |       ||     1
  Use: Potion            |     1 |       ||     1
       Scroll            |       |     2 ||     2
Armor: Robe              |     8 |       ||     8
       Scale mail        |     9 |       ||     9
       Plate armour      |    13 |     5 ||    18
Dodge: Dodged            |    49 |       ||    49
